 Dungeon Crawl Stone Soup version 0.21.1-1-g345015f (webtiles) character file.

1001 poirepourri the Vexing (level 8, -1/36 HPs)
             Began as a Spriggan Enchanter on July 20, 2018.
             Was an Initiate of Ashenzari.
             Slain by a killer bee zombie (8 damage)
             ... on level 7 of the Dungeon.
             The game lasted 00:08:12 (6463 turns).

poirepourri the Vexing (Spriggan Enchanter)         Turns: 6463, Time: 00:08:13

Health: -1/36      AC:  3    Str:  4    XL:     8   Next: 0%
Magic:  19/19      EV: 18    Int: 17    God:    Ashenzari [......]
Gold:   29         SH:  0    Dex: 18    Spells: 9/21 levels left

rFire    . . .     SeeInvis +   h - +3 dagger (venom)
rCold    . . .     Gourm    .   (shield restricted)
rNeg     . . .     Faith    .   b - +1 robe
rPois    .         Spirit   .   (helmet restricted)
rElec    .         Reflect  .   (no cloak)
rCorr    .         Harm     .   (gloves unavailable)
MR       +....                  (boots unavailable)
Stlth    ++++......             (no amulet)
HPRegen  0.12/turn              k - ring of flight
MPRegen  0.16/turn              a - ring of see invisible

@: very quick
A: very small, unfitting armour, see invisible, herbivore, speed 3, slow
metabolism 2
a: Curse Item, Renounce Religion, Evoke Flight


You were on level 7 of the Dungeon.
You worshipped Ashenzari.
Ashenzari was noncommittal.
You were not hungry.

You visited 2 branches of the dungeon, and saw 7 of its levels.
You also visited: Ossuary.

You collected 107 gold pieces.
You spent 78 gold pieces at shops.

Inventory:

Hand Weapons
 h - a +3 dagger of venom (weapon)
Missiles
 g - 34 poisoned needles
 r - 2 poisoned tomahawks (quivered)
Armour
 b - a +1 robe (worn)
Jewellery
 a - a ring of see invisible (right hand)
 k - a ring of flight (left hand)
Wands
 l - a wand of flame (22)
 m - a wand of paralysis (9)
 s - a wand of random effects (41)
Scrolls
 i - a scroll of teleportation
 n - 2 scrolls of remove curse
 o - a scroll of fog
 p - a scroll of identify
Potions
 e - 2 potions of heal wounds {unknown}
 f - 2 potions of ambrosia
 j - a potion of mutation {unknown}
 q - a potion of degeneration {unknown}
 t - a potion of berserk rage {unknown}
Books
 c - a book of Maledictions

   Spells                             Type                      Level
   a - Corona                         Hexes                        1
   b - Ensorcelled Hibernation        Hexes/Ice                    2
   c - Confuse                        Hexes                        3
   d - Tukima's Dance                 Hexes                        3
   e - Dazzling Spray                 Conjuration/Hexes            3
Comestibles
 d - 3 rations


   Skills:
 - Level 4.5 Short Blades
 - Level 3.0 Dodging
 + Level 6.8 Stealth
 - Level 7.0 Spellcasting
 - Level 7.2 Hexes


You had 9 spell levels left.
You knew the following spells:

 Your Spells              Type           Power        Failure   Level  Hunger
a - Corona                Hex            ####...      1%          1    None
b - Ensorcelled Hibernat  Hex/Ice        ###...       4%          2    None
c - Confuse               Hex            ####....     1%          3    ##.....
d - Tukima's Dance        Hex            ####....     1%          3    ##.....
e - Dazzling Spray        Conj/Hex       ###...       8%          3    ##.....


Dungeon Overview and Level Annotations

Branches:
Dungeon (7/15)             Temple (1/1) D:7

Altars:
Ashenzari
Cheibriados
Dithmenos
Elyvilon
Gozag
Hepliaklqana
Kikubaaqudgha
Makhleb
Okawaru
Qazlal
Trog
Uskayaw
Vehumet
Wu Jian
Xom
Zin
The Shining One

Shops:
D:5 *

Annotations:
D:2 Sigmund


Innate Abilities, Weirdness & Mutations

You are very small and have problems with some larger weapons.
You are too small for most types of armour.
You have supernaturally acute eyesight. (SInv)
You are a herbivore.
You cover ground extremely quickly.
You need consume almost no food.


Message History

Press: ? - help, Shift-Dir - straight line, f - adder
Aim: an adder (chance to defeat MR: 57%)
The adder resists with significant effort.
The adder barely misses you.
You barely miss the adder. The adder closely misses you.
The gnoll hits you but does no damage.
Found 20 sling bullets.
You hit the ice beast but do no damage. The adder closely misses you.
An ogre and a phantom come into view.
The ice beast hits you but does no damage.
The ice beast hits you. The ice beast freezes you.
* * * LOW HITPOINT WARNING * * *
The orc shouts!
The killer bee zombie hits you but does no damage.
You see here a scroll of teleportation.
i - a scroll of teleportation The killer bee zombie completely misses you.
The killer bee zombie barely misses you.
The killer bee zombie hits you!
You die...

....#........... ...##...........
..####........# ...####......#
....# ###.#. # . (.#......... #
.###.#.# ### .#######.. ###O
##...##.#..##.. ##
#.##..W####...........#.## #
#.#..#.#.@..# ...........
########.#.#.(#Z#..###...........
g....J.......##S.............>...
######.gg..###.......####.##.....
# #.##.Y..Y...###)..##.##..).# #
#.######..### ###....###.#.# ####
#.. ...# ##.O)###.#K# ...###..
##### ##.Z<)).#.K .⌠.......
##)##...##


You could see an ice beast, an adder and a killer bee zombie.

Vanquished Creatures
  The ghost of poirepourri the Covert, an amateur SpEn of Ashenzari (D:5)
  A sky beast (D:7)
  2 centaurs
  2 ogres
  A big kobold (D:7)
  A wyvern skeleton (D:6)
  A scorpion (D:7)
  A jelly (D:6)
  2 orc wizards
  2 worker ants
  A mummy (D:6)
  9 adders
  An adder zombie (D:6)
  An adder skeleton (D:6)
  2 worms (D:3)
  2 leopard geckos
  12 orcs
  5 ball pythons
  5 bats
  3 giant cockroaches
  4 goblins
  5 hobgoblins
  4 jackals
  10 kobolds
  A frilled lizard (D:1)
  A kobold zombie (Ossuary)
  3 rats
83 creatures vanquished.

Notes
Turn   | Place    | Note
-------+----------+-------------------------------------------
     0 | D:1      | poirepourri the Spriggan Enchanter began the quest for the Orb.
     0 | D:1      | Reached XP level 1. HP: 9/9 MP: 5/5
    70 | D:1      | Reached skill level 5 in Stealth
   418 | D:1      | Reached XP level 2. HP: 13/13 MP: 6/6
   427 | D:2      | Learned a level 2 spell: Ensorcelled Hibernation
   573 | D:2      | Noticed Sigmund
  1922 | D:3      | Reached XP level 3. HP: 16/16 MP: 8/8
  1927 | D:3      | Learned a level 3 spell: Confuse
  2440 | D:3      | Reached skill level 5 in Hexes
  2496 | D:3      | Reached XP level 4. HP: 20/21 MP: 3/9
  2679 | D:3      | You fall through a shaft for 3 floors!
  2688 | D:6      | Found an iron altar of Okawaru.
  2874 | D:5      | Entered Level 5 of the Dungeon
  3117 | D:5      | Noticed a centaur
  3289 | D:6      | Found a sand-covered staircase.
  3293 | D:6      | Reached XP level 5. HP: 24/24 MP: 10/12
  3296 | Ossuary  | Entered an ossuary
  3857 | D:6      | Learned a level 3 spell: Tukima's Dance
  3861 | D:6      | Learned a level 3 spell: Dazzling Spray
  3962 | D:6      | Noticed a centaur
  3963 | D:6      | Killed a centaur
  3963 | D:6      | Reached skill level 5 in Spellcasting
  4193 | D:6      | Reached XP level 6. HP: 16/28 MP: 12/16
  4433 | D:6      | Found a hazy altar of Hepliaklqana.
  4581 | D:7      | Found an opulent altar of Gozag.
  4586 | D:7      | Noticed an orc warrior
  4588 | D:7      | Noticed a sky beast
  4597 | D:7      | Killed a sky beast
  4608 | D:7      | Found a white marble altar of Elyvilon.
  4774 | D:5      | Reached XP level 7. HP: 27/32 MP: 10/18
  4782 | D:5      | Found Fakilama's Serpentskin Sales.
  4792 | D:5      | Bought 8 poisoned needles for 48 gold pieces
  4792 | D:5      | Bought 2 poisoned tomahawks for 30 gold pieces
  4865 | D:5      | Noticed poirepourri's ghost (amateur SpEn)
  5301 | D:5      | Killed poirepourri's ghost
  5705 | D:7      | Found a stormy altar of Qazlal.
  5717 | D:7      | Found a hide-covered altar of Uskayaw.
  6338 | D:7      | Found a staircase to the Ecumenical Temple.
  6348 | D:7      | Reached XP level 8. HP: 27/36 MP: 10/19
  6353 | Temple   | Entered the Ecumenical Temple
  6410 | Temple   | Became a worshipper of Ashenzari the Shackled
  6463 | D:7      | Slain by a killer bee zombie

Skill      XL: |  1  2  3  4  5  6  7 |
---------------+----------------------+-----
Stealth        | 5 6 |  6.8
Hexes          | 4 5 6 7 |  7.2
Spellcasting   | 4 6 7 |  7.0
Short Blades   | 4 |  4.5
Dodging        | |  3.0

Action                   |  1- 3 |  4- 6 |  7- 9 || total
-------------------------+-------+-------+-------++-------
Melee: Dagger            |   110 |    60 |    63 ||   233
 Cast: Corona            |     2 |       |     2 ||     4
       Ensorcelled Hiber |    29 |    21 |    29 ||    79
       Confuse           |       |     5 |     3 ||     8
       Dazzling Spray    |       |       |     3 ||     3
  Use: Scroll            |     4 |     7 |       ||    11
       Potion            |       |     1 |     1 ||     2
 Stab: Sleeping          |    22 |    13 |    15 ||    50
       Confused          |       |     2 |     3 ||     5
  Eat: Ration            |     1 |     1 |     1 ||     3
Armor: Robe              |    13 |     7 |    10 ||    30
Dodge: Dodged            |   123 |    74 |    64 ||   261
